Map: Eastwatch LE

Players

Trizztein - Winner!

  • Race: Terran Terran
  • League: Diamond
  • Spawn Location: 7:00

Hybrid

  • Race: Zerg Zerg
  • League: Diamond
  • Spawn Location: 1:00

VOD

Have the link to the VOD?

Description

Time

  • Played on: March 4, 2018, 9:37 a.m.
  • Length: 15:47
Show
View Real Time Build Order
Export as new Build Order

Trizztein Terran - Winner!

Build Orders: Reaper Expand, Mech 

Get SALT Encoding   

  12  0:00  SCV  
  13  0:13  SCV  
  14  0:18  Supply Depot  
  14  0:25  SCV  
  15  0:39  SCV  
  15  0:41  Barracks  
  16  0:46  Refinery  
  16  0:51  SCV  
  17  1:04  SCV  
  18  1:16  SCV  
  19  1:30  Reaper, Orbital Command  
  20  1:44  Command Center  
  20  1:54  Supply Depot  
  20  1:57  SCV  
  21  2:02  Marine  
  22  2:10  SCV  
  22  2:13  Factory  
  23  2:20  Refinery  
  23  2:24  Barracks Reactor  
  23  2:25  SCV  
  24  2:38  SCV  
  25  2:51  SCV  
  26  2:56  Orbital Command  
  26  3:03  SCV  
  27  3:05  Starport  
  27  3:08  Barracks Tech Lab  
  27  3:09  Hellion x2  
  31  3:15  SCV  
  32  3:22  SCV  
  32  3:23  Supply Depot  
  33  3:27  SCV  
  33  3:30  Hellion  
  38  3:34  SCV  
  38  3:40  Cyclone  
  40  3:44  SCV  
  40  3:47  Banshee  
  44  3:51  Supply Depot, Hellion  
  46  3:55  SCV  
  46  3:59  SCV  
  48  4:08  SCV  
  48  4:11  SCV  
  52  4:17  Cyclone  
  52  4:20  SCV  
  53  4:26  SCV  
  53  4:27  Armory  
  54  4:32  SCV  
  55  4:38  SCV  
  55  4:42  Command Center  
  55  4:43  Viking  
  55  4:44  SCV  
  59  4:54  Refinery, SCV  
  59  4:56  SCV, Refinery  
  61  5:01  Supply Depot  
  59  5:09  SCV x2  
  61  5:15  Factory  
  61  5:21  SCV  
  62  5:22  SCV, Factory  
  63  5:33  Liberator, SCV  
  63  5:34  SCV  
  65  5:37  Supply Depot  
  65  5:38  Supply Depot  
  65  5:41  Armory  
  65  5:45  SCV  
  65  5:46  SCV  
  67  5:54  Supply Depot, Orbital Command  
  70  5:58  Terran Vehicle Weapons Level 1  
  70  5:59  Engineering Bay  
  70  6:00  SCV x2  
  70  6:01  Hellion  
  70  6:02  Hellion  
  70  6:03  Factory Tech Lab  
  76  6:05  Factory Tech Lab  
  76  6:12  SCV x2  
  78  6:24  SCV  
  78  6:25  SCV, Siege Tank x2  
  83  6:26  Hellion x2  
  83  6:28  Orbital Command  
  90  6:36  SCV  
  91  6:40  SCV  
  91  6:43  Infernal Pre-Igniter  
  92  6:47  Terran Vehicle And Ship Armor Level 1, Hellion  
  92  6:48  SCV, Hellion  
  92  6:52  SCV  
  92  6:53  SCV  
  99  6:58  Hellion  
  99  7:00  SCV  
  102  7:02  Supply Depot  
  102  7:03  Supply Depot, Siege Tank  
  102  7:04  SCV  
  102  7:05  SCV  
  107  7:09  Supply Depot  
  107  7:11  Refinery  
  107  7:12  SCV, Refinery  
  108  7:16  SCV  
  109  7:23  SCV, Siege Tank  
  109  7:24  SCV  
  109  7:26  Supply Depot  
  109  7:28  SCV  
  119  7:30  Supply Depot, Hellion x2  
  119  7:32  Supply Depot  
  119  7:35  SCV, Hellion  
  119  7:36  SCV, Factory  
  123  7:40  SCV, Factory  
  124  7:51  Hellion x2  
  128  7:54  SCV  
  128  7:55  Siege Tank, Sensor Tower  
  128  7:57  Hellion  
  134  8:03  Terran Vehicle Weapons Level 2  
  134  8:12  Hellion x2  
  138  8:18  Hellion  
  140  8:26  Command Center  
  142  8:27  Command Center  
  142  8:28  Hellion  
  142  8:29  Factory Tech Lab, Factory Reactor  
  142  8:34  Hellion x2  
  146  8:40  Hellion  
  148  8:44  Terran Vehicle And Ship Armor Level 2  
  148  8:48  Sensor Tower  
  148  8:49  Supply Depot x2, Hellion  
  148  8:51  Hellion  
  148  8:52  Supply Depot  
  148  8:55  Hellion x2  
  152  9:01  Hellion  
  154  9:09  Hellion x2  
  156  9:10  Siege Tank, Starport Reactor  
  156  9:12  Supply Depot, Siege Tank  
  162  9:22  Siege Tank  
  165  9:27  Supply Depot  
  165  9:29  Supply Depot  
  165  9:32  Hellion x4  
  165  9:35  Supply Depot  
  165  9:36  Barracks Reactor  
  173  9:42  Siege Tank  
  173  9:44  Thor  
  182  9:52  Supply Depot  
  182  9:53  Engineering Bay  
  182  9:54  Thor  
  188  10:05  Hellion x3  
  194  10:07  Hellion  
  196  10:15  Siege Tank  
  186  10:22  Factory  
  186  10:25  Factory  
  186  10:26  Hellion x2  
  186  10:27  Siege Tank, Hellion  
  183  10:29  Hellion  
  185  10:37  Hellion  
  185  10:39  Terran Vehicle Weapons Level 3  
  187  10:47  Hellion  
  187  10:48  Hellion x3  
  189  10:50  Hellion  
  191  10:59  Hellion  
  191  11:00  Hellion, Starport  
  191  11:01  Starport  
  193  11:07  Hellion  
  193  11:08  Hellion  
  193  11:09  Hellion  
  194  11:12  Hellion  
  194  11:14  Factory Tech Lab  
  196  11:20  Siege Tank  
  196  11:21  Siege Tank  
  198  11:29  Siege Tank  
  198  11:31  Factory Tech Lab  
  199  11:35  Hellion  
  199  11:36  Planetary Fortress  
  199  11:52  Hellion x2  
  200  12:01  Starport Reactor, Starport Tech Lab  
  200  12:04  Supply Depot  
  200  12:05  Refinery  
  200  12:07  Refinery  
  200  12:32  Terran Vehicle And Ship Armor Level 3  
  198  12:37  Hellion  
  198  12:41  Hellion x2  
  198  12:43  Liberator x5  
  186  12:55  Siege Tank  
  186  12:56  Siege Tank x2, Hellion x2  
  186  12:57  Hellion  
  181  12:59  Hellion  
  181  13:02  Hellion  
  197  13:28  Siege Tank  
  197  13:29  Hellion  
  197  13:32  Liberator x4  
  193  13:42  Planetary Fortress  
  193  13:48  Siege Tank x2, Hellion  
  184  13:49  Hellion  
  184  13:52  Command Center  
  192  13:59  Refinery, Hellion x3  
  192  14:01  Refinery, Hellion x2  
  198  14:10  Hellion x2  
  199  14:36  Orbital Command  
  199  15:06  Starport Tech Lab  
Show
View Real Time Build Order
Export as new Build Order

Hybrid Zerg 

Build Orders: Hatch First, Swarm Host 

Get SALT Encoding   

  12  0:02  Drone  
  13  0:11  Drone  
  14  0:18  Overlord  
  14  0:36  Drone x3  
  17  0:50  Drone  
  18  0:57  Hatchery  
  18  1:02  Drone  
  18  1:15  Spawning Pool  
  17  1:18  Extractor  
  17  1:19  Drone  
  17  1:26  Drone  
  18  1:33  Drone  
  19  1:52  Drone  
  19  1:53  Drone  
  21  2:04  Queen  
  21  2:05  Roach Warren, Overlord  
  22  2:10  Queen  
  24  2:21  Drone x3  
  27  2:35  Extractor  
  26  2:39  Spine Crawler  
  24  2:54  Roach  
  24  2:55  Roach x3  
  32  3:04  Drone x2  
  34  3:14  Roach  
  36  3:31  Overlord x2  
  36  3:35  Lair  
  36  3:49  Queen  
  36  3:51  Evolution Chamber  
  36  3:54  Evolution Chamber  
  36  4:11  Ravager  
  36  4:12  Ravager  
  36  4:14  Drone x4  
  36  4:15  Drone x7  
  49  4:21  Zerg Missile Weapons Level 1  
  49  4:42  Spore Crawler  
  48  4:45  Spore Crawler  
  48  4:46  Queen  
  48  4:52  Zergling x2  
  50  4:53  Zergling x4  
  52  5:14  Roach x2, Spore Crawler  
  51  5:31  Hydralisk Den  
  50  5:44  Pneumatized Carapace  
  50  5:48  Overlord x2  
  50  5:50  Zerg Ground Armor Level 1  
  48  6:12  Roach  
  48  6:13  Roach x4  
  58  6:25  Zerg Missile Weapons Level 2  
  58  6:27  Overlord  
  58  6:28  Overlord x4  
  58  6:45  Drone  
  58  6:46  Extractor  
  58  6:49  Extractor  
  58  6:50  Muscular Augments  
  57  7:01  Hydralisk  
  57  7:02  Hydralisk  
  61  7:14  Hydralisk  
  63  7:26  Drone  
  63  7:27  Drone x7  
  71  7:35  Drone  
  71  7:36  Drone x2  
  74  8:08  Overseer x2  
  74  8:18  Nydus Network  
  73  8:23  Infestation Pit  
  70  9:13  Swarm Host  
  70  9:14  Swarm Host x6  
  70  9:16  Overlord x3  
  91  9:47  Swarm Host  
  91  9:48  Swarm Host x7  
  91  9:50  Overlord  
  91  9:51  Overlord x2  
  105  10:54  Roach x7  
  103  11:53  Swarm Host  
  103  11:54  Swarm Host x11  
  139  12:04  Ravager  
  140  12:13  Overlord x2  
  121  13:02  Swarm Host  
  121  13:03  Swarm Host x9  
  151  13:45  Nydus Canal  
Tags
 
Add a new tag
Caveats
  • Supply blocks, unpowered buildings, or Contaminate may cause inaccurate times.
  • Supply counts are checked every 10 seconds.